 Dungeon Crawl Stone Soup version 0.31-a0-1370-gf52a5a9ab3 (webtiles) character file.

Game seed: 17461971817019001140

103 Aldia the Trooper (level 4, -1/43 (48) HPs)
             Began as an Oni Warper on Dec 24, 2023.
             Slain by a wight
             ... wielding a +0 spear
              (4 damage)
             ... on level 3 of the Dungeon.
             The game lasted 00:04:27 (2453 turns).

Aldia the Trooper (Oni Warper)                      Turns: 2453, Time: 00:04:28

HP:   -1/43 (48)    AC:  3    Str: 17    XL:     4   Next: 79%
MP:   8/8           EV:  9    Int: 14    God:
Gold: 57            SH:  0    Dex:  8    Spells: 7/9 levels left

rFire   . . .        a - +0 mace
rCold   . . .        (no shield)
rNeg    + . .        b - +0 robe
rPois   .            (helmet restricted)
rElec   .            (no cloak)
rCorr   .            (gloves unavailable)
SInv    .            (boots unavailable)
Will    .....        (no amulet)
Stlth   +            j - ring of positive energy
HPRegen 0.27/turn    (no ring)
MPRegen 0.11/turn

%: no passive effects
@: heavily drained
A: large, unfitting armour, horns 1, tough skin 1, double potion healing,
drunken brawling
a: no special abilities


You were on level 3 of the Dungeon.
You visited 1 branch of the dungeon, and saw 3 of its levels.

You collected 112 gold pieces.
You spent 55 gold pieces at shops.

Inventory:

Hand Weapons
 a - a +0 mace (weapon)
Missiles
 d - 7 darts of dispersal
 g - 5 poisoned darts (quivered)
Armour
 b - a +0 robe (worn)
Jewellery
 j - a ring of positive energy (left hand)
Scrolls
 c - a scroll of blinking
 e - a scroll of amnesia {unknown}
 f - a scroll of fog {unknown}
 h - a scroll of fear {unknown}
 i - 3 scrolls of teleportation
Potions
 k - a potion of curing
 l - a potion of brilliance


   Skills:
 + Level 3.8 Fighting
 * Level 3.4 Maces & Flails
 - Level 1.0 Throwing
 - Level 2.1 Dodging
 - Level 3.0 Spellcasting
 + Level 3.2 Translocations


You had 7 spell levels left.
You knew the following spells:

 Your Spells              Type           Power      Damage    Failure   Level
a - Blink                 Tloc           22%        N/A       9%          2

Your spell library contained the following spells:

 Spells                   Type           Power      Damage    Failure   Level
 Lesser Beckoning         Tloc           22%        N/A       9%          2
 Teleport Other           Tloc           11%        N/A       17%         3
 Volatile Blastmotes      Fire/Tloc      12%        2d11      32%         3
 Manifold Assault         Tloc           11%        N/A       50%         4
 Iskenderun's Mystic Bla  Conj/Tloc      6%         2d4       73%         4
 Vhi's Electric Charge    Tloc/Air       12%        N/A       73%         4
 Fulminant Prism          Conj/Alch      1%         3d5       91%         4


Dungeon Overview and Level Annotations

Branches:
Dungeon (3/15)

Altars:

Shops:
D:2 ?


Innate Abilities, Weirdness & Mutations

You are too large for most types of armour.
You have a pair of small horns on your head.
You have tough skin. (AC +1)
You gain doubled healing and magic from potions.
Whenever you drink a healing potion, you attack all around you.


Message History

The wight is moderately damaged.
The wight hits you with a +0 spear! You partially resist.
You feel drained.
You hit the wight.
The wight is heavily damaged.
The wight hits you with a +0 spear.
You hit the wight but do no damage.
The wight is heavily damaged.
The wight hits you with a +0 spear. You partially resist.
You feel drained. The wight hits you but does no damage.
You hit the wight but do no damage. Your headbutt misses the wight.
The wight is heavily damaged.
The wight closely misses you.
You barely miss the wight. Your headbutt misses the wight.
The wight is heavily damaged.
The wight closely misses you.
You closely miss the wight.
The wight is heavily damaged.
The wight hits you with a +0 spear.
You barely miss the wight.
You headbutt the wight, but do no damage.
The wight is heavily damaged.
The wight misses you. The wight hits you with a +0 spear. You partially resist.
You feel drained.
You hit the wight but do no damage.
The wight is heavily damaged.
The wight hits you with a +0 spear!
* * * LOW HITPOINT WARNING * * *
You barely miss the wight.
The wight is heavily damaged.
The wight hits you with a +0 spear.
* * * LOW HITPOINT WARNING * * *
You partially resist.
You feel drained.
You barely miss the wight.
The wight is heavily damaged.
The wight hits you with a +0 spear.
* * * LOW HITPOINT WARNING * * *
You hit the wight. You headbutt the wight.
The wight is severely damaged.
The wight hits you with a +0 spear.
You die...

...# ### ... ..# ...
##.# .) #... z# #...
########.# ####...
.........####....>.
###########............
#.....@zzzz.#####......
#.########### ####...
#.# #..... #.# #.#.<.
#.# #.#### #.# #.####
#.# #..... #.# #.####
#.# #.#


You could see 4 wights.

Vanquished Creatures
  An adder (D:2)
  3 gnolls (D:3)
  2 worms (D:3)
  5 dart slugs
  An orc (D:3)
  4 bats
  4 endoplasms
  A giant cockroach (D:1)
  8 goblins
  4 hobgoblins
  4 quokkas
  A ball python (D:1)
  5 frilled lizards
  2 kobolds (D:2)
  5 rats
50 creatures vanquished.

Notes
Turn   | Place    | Note
-------+----------+-------------------------------------------
     0 | D:1      | Aldia the Oni Warper began the quest for the Orb.
     0 | D:1      | Reached XP level 1. HP: 22/22 MP: 3/3
   195 | D:1      | Reached XP level 2. HP: 27/29 MP: 5/5
   705 | D:1      | Reached XP level 3. HP: 37/37 MP: 7/7
   802 | D:1      | Learned a level 2 spell: Blink
  1368 | D:2      | Found Dunu's Magic Scroll Shoppe.
  1389 | D:2      | Bought a scroll of teleportation for 33 gold pieces
  1389 | D:2      | Bought a scroll of identify for 22 gold pieces
  1863 | D:3      | Reached XP level 4. HP: 39/45 MP: 8/8
  2452 | D:3      | HP: 2/43 [wight/+0 spear (5)]
  2453 | D:3      | Slain by a wight

Illustrated notes

Levels and vault maps discovered:
D:1:      nicolae_arrival_somewhat_less_tricky_arrival, layout_loops_corners
D:2:      layout_loops_ring, serial_shops, nicolae_shop_peninsula,
          kennysheep_potato
D:3:      layout_loops_ring, nicolae_ecumenical_lake_church

Skill      XL: |  1  2  3 |
---------------+----------+-----
Fighting       | 3 |  3.8
Translocations | 3 |  3.2
Maces & Flails | 3 |  3.4
Spellcasting   | 3 |  3.0
Throwing       | |  1.0
Dodging        | |  2.1

Action                     |  1- 3 |  4- 6 || total
---------------------------+-------+-------++-------
  Melee: Mace              |    97 |    64 ||   161
         Headbutt          |    11 |     9 ||    20
         Punch             |     1 |       ||     1
  Throw: Dart              |       |     2 ||     2
    Use: Scroll            |     3 |       ||     3
         Potion            |       |     1 ||     1
   Stab: Sleeping          |     1 |       ||     1
 Armour: Robe              |    54 |    49 ||   103
  Dodge: Dodged            |    40 |    35 ||    75

Table legend: (Time is in decaauts)
 A = Elapsed time spent in this place.
 B = Non-inter-level travel time spent in this place.
 C = Inter-level travel time spent in this place.
 D = Time resting spent in this place.
 E = Time spent auto-exploring this place.
 F = Levels seen in this place.
 G = Mean time per level.
                   A        B        C        D        E       F      G
               +--------+--------+--------+--------+--------+-----+--------+
         Total |   2493 |   2452 |     41 |      0 |   2028 |   3 |  831.0 |
       Dungeon |   2493 |   2452 |     41 |      0 |   2028 |   3 |  831.0 |
               +--------+--------+--------+--------+--------+-----+--------+

Top non-repeatable levels by time:
     D:1: 1124 daAuts
     D:2: 716 daAuts
     D:3: 652 daAuts
